 Dungeon Sprint DCSS version 0.30-a0-1114-gd936c97349 (webtiles) character file.

Game seed: 8373331947591038435

1364 dialectric the Basher (level 8, 0/60 HPs)
             Began as a Gargoyle Fighter on Apr 20, 2023.
             Was a Follower of Trog.
             Slain by a hornet (6 damage)
             ... in the Dungeon (Sprint II: "The Violet Keep of Menkaure").
             The game lasted 00:03:36 (398 turns).

dialectric the Basher (Gargoyle Fighter)             Turns: 398, Time: 00:03:37

Health: 0/60       AC: 15    Str: 22    XL:     8   Next: 64%
Magic:  8/8        EV: 10    Int: 12    God:    Trog [*.....]
Gold:   247        SH:  0    Dex: 13    Spells: 7/7 levels left

rFire   . . .      SeeInvis .    y - +5 long sword "Okhuqin" {heavy, Fragile rN+ Int+3 Dex+4}
rCold   x . .      Faith    .    (no shield)
rNeg    + + +      Spirit   .    g - +1 scale mail of the Wilderness {Harm rC- rN+++ Stlth+}
rPois   ∞          Reflect  .    (no helmet)
rElec   +          Rampage  .    (no cloak)
rCorr   +          NoTele   +    (no gloves)
Will    .....      Harm     + .  (no boots)
Stlth   +                        (no amulet)
HPRegen 0.30/turn                l - ring of resist corrosion
MPRegen 0.11/turn                (no ring)

@: no status effects
A: sickness immunity, AC +5, negative energy resistance 1, electricity
resistance, torment resistance 1, petrification resistance
a: Renounce Religion, Berserk


You were in the Dungeon.
You worshipped Trog.
Trog was aware of your devotion.
You visited 1 branch You collected 887 gold pieces.
You spent 640 gold pieces at shops.

Inventory:

Hand Weapons
 a - a +0 flail
 y - the +5 long sword "Okhuqin" (weapon) {heavy, Fragile rN+ Int+3 Dex+4}
   (You bought it in a shop in the Dungeon)

   Int:       It affects your intelligence (+3).
   Dex:       It affects your dexterity (+4).
   rN:        It protects you from negative energy.
   Fragile:   It will be destroyed if unequipped.
Missiles
 w - 3 poisoned darts (quivered)
Armour
 b - a +0 scale mail
 c - a +0 buckler
 g - the +1 scale mail of the Wilderness (worn) {Harm rC- rN+++ Stlth+}
   (You bought it in a shop in the Dungeon)

   rC:        It makes you vulnerable to cold.
   rN:        It renders you almost immune to negative energy.
   Harm:      It increases damage dealt and taken.
   Stlth:     It makes you more stealthy.
 i - the +0 cloak of Wu Jian's Scorn {rPois rN++ Dex-2}
   (You bought it in a shop in the Dungeon)

   Dex:       It affects your dexterity (-2).
   rPois:     It protects you from poison.
   rN:        It greatly protects you from negative energy.
Jewellery
 l - a ring of resist corrosion (left hand)
 x - a ring of fire
Scrolls
 d - 4 scrolls of identify {unknown}
 j - a scroll of immolation {unknown}
 k - a scroll of amnesia {unknown}
 m - a scroll of poison {unknown}
 n - 3 scrolls of butterflies {unknown}
 o - a scroll of magic mapping {unknown}
 p - a scroll of fear {unknown}
 q - a scroll of blinking
 r - a scroll of vulnerability {unknown}
 u - a scroll of enchant weapon {unknown}
Potions
 e - 2 potions of curing
 f - 3 potions of heal wounds
 h - 5 potions of magic
 s - 3 potions of resistance {unknown}
 t - a potion of brilliance {unknown}
 v - 3 potions of flight {unknown}


   Skills:
 + Level 11.2 Fighting
 * Level 0.1 Long Blades
 - Level 12.6 Maces & Flails
 + Level 11.1 Armour
 - Level 1.4 Dodging
 + Level 0.3 Stealth
 - Level 3.2 Shields


You had 7 spell levels left.
You didn't know any spells.
Your spell library was empty.

Dungeon Overview and Level Annotations

Branches:
Dungeon (1/1)

Altars:
Cheibriados
Dithmenos
Elyvilon
Fedhas
Gozag
Hepliaklqana
Kikubaaqudgha
Makhleb
Nemelex Xobeh
Okawaru
Qazlal
Ru
Sif Muna
Trog
Uskayaw
Vehumet
Wu Jian
Xom
Yredelemnul
Zin
The Shining One
Jiyva
Lugonu

Shops:
D :(:[=?!=[[((!=[

Annotations:
D exclusion: oklob plant


Innate Abilities, Weirdness & Mutations

You are immune to sickness and miasma.
Your stone body is resilient. (AC +5)
You are immune to poison.
You resist negative energy. (rN+)
You are resistant to electric shocks. (rElec)
You are resistant to unholy torment.
You are immune to petrification.


Message History

You enter the shallow water.
Moving in this stuff is going to be slow.
You open the door.
A scorpion comes into view.
Found 16 gold pieces.
You slash the scorpion!
You kill the scorpion!
Trog accepts your kill.
There is an open door here.
You now have 247 gold pieces (gained 16).
There is an open door here.
You enter the shallow water.
Moving in this stuff is going to be slow.
There is an open door here.
The hornet buzzes angrily.
There is an open door here.
The hornet stings you!
There is a staircase leading out of the dungeon here.
You barely miss the hornet. You punch the hornet, but do no damage.
The hornet barely misses you. The hornet stings you. x2
Unknown command.
You barely miss the hornet. The hornet stings you!
The hornet stings you but does no damage.
The hornet closely misses you.
You hit the hornet.
The hornet is lightly wounded.
The hornet barely misses you. The hornet stings you. x2
The hornet misses you.
You slash the hornet!
The hornet is heavily wounded.
The hornet stings you!
* * * LOW HITPOINT WARNING * * *
The hornet barely misses you.
The hornet stings you but does no damage.
You closely miss the hornet.
The hornet is heavily wounded.
The hornet stings you!
* * * LOW HITPOINT WARNING * * *
The hornet stings you.
You die... ##########~~#++ # #########~~~... .. # ∩.......#~~~~.# .. # .∩.....∩#~~~~## ##.#### +.##.# ∩.....∩.#~~~~#.# #. ...# .^.## .∩.∩.∩.∩#~~### l#l

###..## #..#
..∩.∩.∩.#~##.###+###.##..# +..#
...∩.∩)†#~##..##.##...#..# #..#
....⌠...'~'.##'.@y'##.+..####.^##
........#~##..##.##...#..hy###...
▓▓▓▓▓▓###~##.###'###.##..h...~~~~
[hJ######~~####...####~~.§h§.~#'#
?.h#G ##~~~#..#).#~†~~~~§..~#..
∩P$+G #'#~##...##~~§§§~~§.~#_.
$.$ : #.#~~##+##~~~≈§≈~~~§~#._
### ~~~ ~~~~~§≈§§§~§~#_.
+++#+++#~≈§§§§§§§#._


You could see a hornet.

Vanquished Creatures
  A merfolk siren (D)
  A yaktaur (D)
  A polar bear (D)
  Menkaure (D)
  4 necrophages (D)
  5 scorpions (D)
13 creatures vanquished.

Vanquished Creatures (others)
  A water moccasin (D)
  4 tentacles (D)
5 creatures vanquished.

Grand Total: 18 creatures vanquished

Notes
Turn   | Place    | Note
-------+----------+-------------------------------------------
     0 | D        | dialectric the Gargoyle Fighter began the quest for the
                  | Orb.
     0 | D        | Reached XP level 1. HP: 14/14 MP: 1/1
     8 | D        | Noticed a scorpion
     8 | D        | Noticed a scorpion
     8 | D        | Noticed a scorpion
     8 | D        | Noticed a scorpion
    12 | D        | Killed a scorpion
    13 | D        | Reached skill level 3 in Maces & Flails
    13 | D        | Reached XP level 2. HP: 14/22 MP: 2/2
    13 | D        | Reached XP level 3. HP: 17/27 MP: 3/3
    14 | D        | Killed a scorpion
    15 | D        | Reached skill level 4 in Maces & Flails
    15 | D        | Reached XP level 4. HP: 20/34 MP: 4/4
    16 | D        | Killed a scorpion
    17 | D        | Reached skill level 5 in Maces & Flails
    17 | D        | Reached XP level 5. HP: 23/39 MP: 5/5
    20 | D        | Reached skill level 6 in Maces & Flails
    20 | D        | Reached skill level 1 in Dodging
    20 | D        | Reached XP level 6. HP: 28/45 MP: 6/6
    21 | D        | Noticed a wyvern
    21 | D        | Noticed a wyvern
    32 | D        | Reached skill level 7 in Maces & Flails
    41 | D        | Reached skill level 8 in Maces & Flails
    51 | D        | Reached XP level 7. HP: 29/52 MP: 7/7
    52 | D        | Noticed a merfolk siren
    57 | D        | Killed a merfolk siren
    58 | D        | Reached skill level 10 in Fighting
    58 | D        | Reached skill level 10 in Maces & Flails
    58 | D        | Reached skill level 10 in Armour
    75 | D        | Found a glowing golden altar of the Shining One.
    75 | D        | Found an ornate altar of the Wu Jian Council.
    76 | D        | Found a shimmering altar of Xom.
    76 | D        | Found a sacrificial altar of Ru.
    77 | D        | Found a basalt altar of Yredelemnul.
    77 | D        | Found a shimmering blue altar of Sif Muna.
    78 | D        | Found a glowing silver altar of Zin.
    78 | D        | Found a bloodstained altar of Trog.
    78 | D        | Found an ancient bone altar of Kikubaaqudgha.
    78 | D        | Found a stormy altar of Qazlal.
    78 | D        | Found a viscous altar of Jiyva.
    79 | D        | Found a hide-covered altar of Uskayaw.
    79 | D        | Found a corrupted altar of Lugonu.
    79 | D        | Found a shadowy altar of Dithmenos.
    80 | D        | Found a radiant altar of Vehumet.
    80 | D        | Found a burning altar of Makhleb.
    80 | D        | Found a white marble altar of Elyvilon.
    81 | D        | Found a sparkling altar of Nemelex Xobeh.
    81 | D        | Found a blossoming altar of Fedhas.
    83 | D        | Found an iron altar of Okawaru.
    83 | D        | Found an opulent altar of Gozag.
    83 | D        | Found a hazy altar of Hepliaklqana.
    83 | D        | Found a snail-covered altar of Cheibriados.
    87 | D        | Became a worshipper of Trog the Wrathful
    97 | D        | Noticed a kraken
   202 | D        | Noticed a yaktaur
   202 | D        | Noticed a hornet
   202 | D        | Noticed a polar bear
   202 | D        | Noticed a polar bear
   203 | D        | Noticed a polar bear
   226 | D        | Found Uxuhai's Weapon Shop.
   226 | D        | Found Ninoh's Distillery.
   226 | D        | Found Xaegat's Antique Armour Boutique.
   226 | D        | Found Heycyps's Antique Armour Shop.
   226 | D        | Found Alesy's Antique Armour Boutique.
   226 | D        | Found Lykehic's Antique Weapon Boutique.
   227 | D        | Found Juruat's Jewellery Boutique.
   227 | D        | Found Reesunor's Distillery.
   227 | D        | Found Utinid's Jewellery Boutique.
   228 | D        | Found Abrisatu's Magic Scroll Shop.
   228 | D        | Noticed a slime creature
   229 | D        | Noticed a slime creature
   230 | D        | Found Hise's Jewellery Boutique.
   230 | D        | Found Buawoel's Armour Shop.
   230 | D        | Noticed Menkaure
   230 | D        | Noticed a slime creature
   230 | D        | Noticed an oklob plant
   231 | D        | Found Yrell's Weapon Shop.
   231 | D        | Found Caan's Book Shoppe.
   231 | D        | Found Wuutteeg's Book Boutique.
   232 | D        | Noticed a polar bear
   233 | D        | Noticed a polar bear
   247 | D        | Killed Menkaure
   248 | D        | Reached skill level 11 in Maces & Flails
   248 | D        | Reached XP level 8. HP: 38/59 MP: 8/8
   276 | D        | Killed a polar bear
   276 | D        | Reached * piety under Trog
   282 | D        | Killed a yaktaur
   283 | D        | Reached skill level 12 in Maces & Flails
   322 | D        | Noticed a shining eye
   322 | D        | Noticed a shining eye
   337 | D        | Bought a bloodstained scale mail for 225 gold pieces
   337 | D        | Identified the +1 scale mail of the Wilderness {Harm rC-
                  | rN+++ Stlth+} (You bought it in a shop in the Dungeon)
   350 | D        | Bought an ichor-stained cloak for 237 gold pieces
   350 | D        | Identified the +0 cloak of Wu Jian's Scorn {rPois rN++
                  | Dex-2} (You bought it in a shop in the Dungeon)
   363 | D        | Bought a bloodstained long sword for 178 gold pieces
   363 | D        | Identified the +5 long sword "Okhuqin" {heavy, Fragile rN+
                  | Int+3 Dex+4} (You bought it in a shop in the Dungeon)
   398 | D        | Slain by a hornet

Illustrated notes

Levels and vault maps discovered:
D:        the_violet_keep_of_menkaure [sprint2_stairs_cluster_1,
          sprint2_shoproom, sprint2_temple, sprint2_basic_supplies,
          sprint2_obstacle_6, sprint2_obstacle_7, sprint2_obstacle_5,
          sprint2_obstacle_3, sprint2_obstacle_1, sprint2_timed_cluster_1,
          sprint2_smallroom_cluster_1, sprint2_smallroom_final_cluster_1,
          sprint2_transparent_cluster_1, sprint2_second_timed_cluster_1,
          sprint2_sniper_area_1, sprint2_heavy_combat_area_1,
          sprint2_mutation_trap_area_1, sprint2_forest_area_1,
          sprint2_light_combat_area_1, sprint2_behind_water_1,
          sprint2_near_end_vault_1]

Skill      XL: |  1  2  3  4  5  6  7  8 |
---------------+-------------------------+-----
Fighting       | 6 7 8 9 10 11 | 11.2
Maces & Flails | 3 4 5 6 8 11 12 | 12.6
Armour         | 6 7 8 9 10 11 | 11.1
Dodging        | 1 |  1.4
Long Blades    | |  0.1
Stealth        | |  0.3
Shields        | |  3.2

Action                     |  1- 3 |  4- 6 |  7- 9 || total
---------------------------+-------+-------+-------++-------
  Melee: Flail             |     5 |    30 |    15 ||    50
         Long sword        |       |       |     6 ||     6
         Punch             |       |       |     1 ||     1
    Use: Potion            |     1 |       |     4 ||     5
         Scroll            |       |       |     1 ||     1
 Armour: Scale mail        |     4 |    10 |    13 ||    27
  Dodge: Dodged            |     1 |    12 |    13 ||    26

Table legend: (Time is in decaauts)
 A = Elapsed time spent in this place.
 B = Non-inter-level travel time spent in this place.
 C = Inter-level travel time spent in this place.
 D = Time resting spent in this place.
 E = Time spent auto-exploring this place.
 F = Levels seen in this place.
 G = Mean time per level.
                   A        B        C        D        E       F      G
               +--------+--------+--------+--------+--------+-----+--------+
         Total |    409 |    409 |      0 |      0 |     69 |   1 |  409.0 |
       Dungeon |    409 |    409 |      0 |      0 |     69 |   1 |  409.0 |
               +--------+--------+--------+--------+--------+-----+--------+

Top non-repeatable levels by time:
       D: 409 daAuts
